Map: Oxide LE

Players

eGang

  • Race: Terran Terran
  • League: Diamond

eGang

  • Race: Terran Terran
  • League: Diamond

Bacon - Winner!

  • Race: Zerg Zerg
  • League: Diamond

VOD

Have the link to the VOD?

Description

Time

  • Played on: Sept. 8, 2021, 4:44 a.m.
  • Length: 43:21
Show
View Real Time Build Order
Export as new Build Order

eGang Terran 

Build Orders:  

Get SALT Encoding   

  12  0:00  SCV  
  13  0:12  SCV  
  14  0:18  Supply Depot  
  14  0:24  SCV  
  15  0:32  Refinery  
  15  0:40  SCV  
  16  0:45  Barracks  
  16  0:52  SCV  
  17  0:59  Supply Depot  
  17  1:04  SCV  
  18  1:16  SCV  
  19  1:28  SCV  
  19  1:32  Marine  
  20  1:35  Factory  
  21  1:40  SCV  
  22  1:50  Marine  
  22  1:51  Supply Depot  
  22  1:52  Orbital Command  
  23  2:08  Marine  
  24  2:22  Factory Tech Lab  
  24  2:25  Command Center  
  24  2:31  SCV  
  24  2:34  Refinery  
  25  2:40  Siege Tank  
  25  2:44  SCV  
  29  2:50  Engineering Bay  
  29  2:56  SCV  
  30  3:04  Starport  
  30  3:08  SCV  
  31  3:20  SCV  
  31  3:23  Hi-Sec Auto Tracking  
  31  3:25  Missile Turret  
  32  3:32  SCV  
  33  3:35  Missile Turret  
  33  3:40  Missile Turret  
  33  3:41  SCV  
  34  3:44  SCV  
  34  3:45  Viking  
  37  3:53  SCV  
  37  3:55  Missile Turret  
  38  3:56  SCV  
  39  4:04  Siege Tank  
  39  4:05  SCV  
  39  4:08  SCV  
  44  4:13  Missile Turret  
  44  4:17  SCV  
  44  4:20  SCV  
  44  4:22  Viking  
  48  4:25  Missile Turret  
  48  4:29  SCV  
  49  4:32  SCV  
  49  4:34  Missile Turret  
  50  4:40  Supply Depot  
  50  4:41  SCV  
  50  4:43  Widow Mine  
  50  4:45  SCV  
  54  4:51  Starport  
  54  4:54  Starport Tech Lab  
  54  5:02  SCV, Supply Depot  
  54  5:03  Orbital Command  
  54  5:06  Refinery  
  55  5:09  Refinery  
  55  5:16  SCV  
  55  5:18  Viking  
  58  5:23  Supply Depot  
  58  5:24  Hyperflight Rotors  
  58  5:28  SCV, Starport Tech Lab  
  59  5:30  SCV  
  60  5:40  SCV  
  60  5:42  SCV  
  62  5:48  Banshee  
  65  5:50  Banshee  
  68  6:02  Command Center  
  68  6:04  Supply Depot  
  68  6:07  Armory  
  68  6:10  Armory  
  68  6:14  SCV x2  
  70  6:20  Cloaking Field  
  70  6:26  SCV x2  
  72  6:38  Banshee x2  
  78  6:46  Supply Depot  
  78  6:50  SCV x2  
  78  6:52  Supply Depot  
  80  6:58  Terran Vehicle And Ship Armor Level 1, Terran Ship Weapons Level 1  
  80  7:02  SCV x2  
  79  7:14  SCV x2  
  81  7:26  SCV x2  
  81  7:27  Command Center, Banshee  
  81  7:28  Command Center, Banshee  
  89  7:51  Refinery  
  89  7:53  Refinery, Sensor Tower  
  74  8:14  Viking x2  
  77  8:30  SCV  
  77  8:31  SCV  
  79  8:38  Command Center  
  79  8:42  SCV  
  79  8:43  SCV  
  78  8:55  SCV x2  
  77  9:00  Terran Vehicle And Ship Armor Level 2, Terran Ship Weapons Level 2  
  77  9:01  Banshee x2  
  83  9:07  SCV  
  81  9:19  Missile Turret  
  81  9:24  Sensor Tower  
  81  9:25  Missile Turret  
  81  9:26  Planetary Fortress  
  81  9:31  Planetary Fortress  
  81  9:35  Missile Turret x2  
  81  9:37  Missile Turret  
  81  9:38  Missile Turret  
  81  9:41  Starport  
  81  9:43  Starport  
  81  9:46  Banshee  
  84  10:07  SCV, Sensor Tower  
  84  10:08  SCV  
  86  10:15  Command Center  
  86  10:19  SCV  
  86  10:20  SCV  
  88  10:23  SCV x2  
  88  10:25  Starport Reactor, Starport Tech Lab  
  90  10:31  SCV  
  90  10:32  SCV, Viking x2  
  90  10:35  SCV x2  
  98  10:43  SCV  
  98  10:44  SCV  
  97  10:59  Planetary Fortress  
  97  11:01  Refinery  
  97  11:03  Refinery  
  94  11:05  Missile Turret x2  
  94  11:06  Missile Turret  
  94  11:13  Missile Turret  
  94  11:15  Missile Turret  
  94  11:16  Viking x5  
  101  11:19  Sensor Tower  
  98  11:32  SCV x2  
  100  11:39  Missile Turret, SCV  
  101  11:40  Sensor Tower  
  101  11:44  SCV x2  
  103  11:51  SCV  
  103  11:52  Banshee x3, Starport  
  103  11:53  Viking x2  
  117  11:55  Starport  
  117  12:04  Missile Turret  
  117  12:05  Missile Turret  
  117  12:06  Missile Turret  
  117  12:10  SCV  
  117  12:12  SCV x2  
  120  12:22  SCV  
  121  12:24  SCV x2  
  121  12:26  Viking x2  
  127  12:32  Starport Tech Lab  
  127  12:33  Starport Tech Lab  
  127  12:39  Planetary Fortress  
  127  12:59  Missile Turret x2  
  127  13:02  Sensor Tower  
  127  13:04  Banshee x3  
  127  13:05  Banshee  
  142  13:07  Terran Vehicle And Ship Armor Level 3  
  142  13:11  Banshee  
  146  13:16  Terran Ship Weapons Level 3  
  146  13:19  SCV x4  
  147  13:20  SCV x2  
  148  13:31  SCV x2  
  150  13:43  SCV x2  
  152  13:50  Drilling Claws  
  152  13:55  Factory x2  
  152  14:02  Command Center  
  152  14:03  Command Center, Viking x5  
  162  14:10  Viking x2  
  166  14:20  Widow Mine  
  168  14:41  Widow Mine  
  168  14:43  Banshee x2  
  168  14:45  Viking  
  178  15:02  Banshee  
  178  15:03  Banshee  
  178  15:05  Viking  
  177  15:08  Banshee  
  167  15:16  Viking  
  165  15:26  Viking x2  
  169  15:35  Viking  
  162  15:44  Viking  
  162  15:46  Viking x2  
  155  16:01  SCV x4  
  157  16:09  Factory Reactor x2  
  157  16:10  Widow Mine  
  159  16:17  Refinery  
  159  16:19  Refinery  
  159  16:21  Command Center, Terran Vehicle Weapons Level 1  
  159  16:23  Command Center, Planetary Fortress  
  159  16:24  Planetary Fortress  
  159  16:27  Missile Turret  
  159  16:29  Missile Turret  
  159  16:31  Widow Mine  
  161  16:33  Missile Turret x2, Sensor Tower  
  161  16:36  Missile Turret  
  161  16:38  Missile Turret  
  161  16:47  Widow Mine x4  
  161  16:53  Banshee x5  
  184  17:03  Starport x2  
  184  17:10  Starport  
  184  17:42  Starport Tech Lab x2  
  184  17:47  Starport Tech Lab  
  184  17:52  Command Center  
  184  17:53  Command Center  
  184  18:14  Missile Turret  
  184  18:16  Banshee x5, Missile Turret x2  
  184  18:19  Refinery x2  
  199  18:21  Missile Turret  
  199  18:22  Missile Turret  
  199  18:23  Missile Turret  
  199  18:24  Missile Turret  
  199  18:26  Sensor Tower  
  118  18:48  Terran Vehicle Weapons Level 2  
  118  18:51  Widow Mine x5  
  128  19:03  Banshee  
  128  19:04  Banshee x7  
  128  19:05  Viking x2  
  156  19:13  Orbital Command x2  
  156  19:18  Command Center  
  156  19:20  Command Center  
  152  19:44  Orbital Command  
  152  19:47  Orbital Command, SCV x5  
  152  19:48  SCV  
  152  19:52  Viking x3  
  162  19:53  Orbital Command, Viking x7  
  177  20:11  Missile Turret  
  177  20:13  Planetary Fortress  
  177  20:14  Planetary Fortress  
  177  20:19  Missile Turret  
  177  20:21  Missile Turret  
  177  20:23  Missile Turret  
  177  20:24  Refinery  
  177  20:27  Missile Turret  
  177  20:33  SCV x3  
  177  20:34  Starport, SCV x3  
  177  20:35  Starport  
  183  20:41  Missile Turret  
  183  20:43  Missile Turret  
  183  20:48  Sensor Tower  
  171  21:27  Orbital Command  
  171  21:32  Command Center, Starport Tech Lab  
  171  21:33  Command Center, Starport Tech Lab  
  171  21:35  Banshee x6  
  171  21:36  Banshee x2  
  166  22:21  Widow Mine x5  
  166  22:22  Viking x7  
  188  22:23  Viking x4  
  188  22:24  Viking  
  159  22:57  Banshee x5  
  159  22:58  Banshee x5  
  171  23:01  Viking  
  155  23:26  Missile Turret  
  155  23:28  Missile Turret  
  155  23:40  Banshee x6  
  155  23:41  Banshee x4, Orbital Command  
  185  23:50  Orbital Command  
  185  24:02  Command Center  
  185  24:07  Command Center  
  179  24:53  Planetary Fortress  
  179  24:58  Planetary Fortress  
  151  25:11  Banshee  
  151  25:12  Banshee x8  
  124  25:29  SCV x6  
  130  25:46  SCV  
  130  25:47  SCV  
  132  25:55  Missile Turret  
  132  25:57  Missile Turret  
  132  25:58  SCV  
  132  25:59  SCV  
  132  26:01  Refinery, Viking x7  
  132  26:02  Viking x4  
  156  26:05  Orbital Command  
  156  26:13  Missile Turret  
  156  26:15  Missile Turret, Sensor Tower  
  156  26:16  Missile Turret  
  156  26:45  Widow Mine x4  
  156  26:46  Widow Mine  
  166  27:07  Banshee x5  
  166  27:08  Banshee x5  
  196  27:19  Orbital Command  
  141  27:50  Banshee x5  
  106  28:38  Viking  
  106  28:39  Viking x5  
  112  29:04  Widow Mine  
  37  30:51  Widow Mine x5  
  41  33:20  Widow Mine x4  
  41  33:21  Widow Mine  
  7  35:40  Orbital Command  
  2  35:57  Orbital Command  
  1  36:11  Orbital Command  
Show
View Real Time Build Order
Export as new Build Order

eGang Terran 

Build Orders:  

Get SALT Encoding   

  12  0:00  SCV  
  13  0:12  SCV  
  14  0:18  Supply Depot  
  14  0:24  SCV  
  15  0:32  Refinery  
  15  0:40  SCV  
  16  0:45  Barracks  
  16  0:52  SCV  
  17  0:59  Supply Depot  
  17  1:04  SCV  
  18  1:16  SCV  
  19  1:28  SCV  
  19  1:32  Marine  
  20  1:35  Factory  
  21  1:40  SCV  
  22  1:50  Marine  
  22  1:51  Supply Depot  
  22  1:52  Orbital Command  
  23  2:08  Marine  
  24  2:22  Factory Tech Lab  
  24  2:25  Command Center  
  24  2:31  SCV  
  24  2:34  Refinery  
  25  2:40  Siege Tank  
  25  2:44  SCV  
  29  2:50  Engineering Bay  
  29  2:56  SCV  
  30  3:04  Starport  
  30  3:08  SCV  
  31  3:20  SCV  
  31  3:23  Hi-Sec Auto Tracking  
  31  3:25  Missile Turret  
  32  3:32  SCV  
  33  3:35  Missile Turret  
  33  3:40  Missile Turret  
  33  3:41  SCV  
  34  3:44  SCV  
  34  3:45  Viking  
  37  3:53  SCV  
  37  3:55  Missile Turret  
  38  3:56  SCV  
  39  4:04  Siege Tank  
  39  4:05  SCV  
  39  4:08  SCV  
  44  4:13  Missile Turret  
  44  4:17  SCV  
  44  4:20  SCV  
  44  4:22  Viking  
  48  4:25  Missile Turret  
  48  4:29  SCV  
  49  4:32  SCV  
  49  4:34  Missile Turret  
  50  4:40  Supply Depot  
  50  4:41  SCV  
  50  4:43  Widow Mine  
  50  4:45  SCV  
  54  4:51  Starport  
  54  4:54  Starport Tech Lab  
  54  5:02  SCV, Supply Depot  
  54  5:03  Orbital Command  
  54  5:06  Refinery  
  55  5:09  Refinery  
  55  5:16  SCV  
  55  5:18  Viking  
  58  5:23  Supply Depot  
  58  5:24  Hyperflight Rotors  
  58  5:28  SCV, Starport Tech Lab  
  59  5:30  SCV  
  60  5:40  SCV  
  60  5:42  SCV  
  62  5:48  Banshee  
  65  5:50  Banshee  
  68  6:02  Command Center  
  68  6:04  Supply Depot  
  68  6:07  Armory  
  68  6:10  Armory  
  68  6:14  SCV x2  
  70  6:20  Cloaking Field  
  70  6:26  SCV x2  
  72  6:38  Banshee x2  
  78  6:46  Supply Depot  
  78  6:50  SCV x2  
  78  6:52  Supply Depot  
  80  6:58  Terran Vehicle And Ship Armor Level 1, Terran Ship Weapons Level 1  
  80  7:02  SCV x2  
  79  7:14  SCV x2  
  81  7:26  SCV x2  
  81  7:27  Command Center, Banshee  
  81  7:28  Command Center, Banshee  
  89  7:51  Refinery  
  89  7:53  Refinery, Sensor Tower  
  74  8:14  Viking x2  
  77  8:30  SCV  
  77  8:31  SCV  
  79  8:38  Command Center  
  79  8:42  SCV  
  79  8:43  SCV  
  78  8:55  SCV x2  
  77  9:00  Terran Vehicle And Ship Armor Level 2, Terran Ship Weapons Level 2  
  77  9:01  Banshee x2  
  83  9:07  SCV  
  81  9:19  Missile Turret  
  81  9:24  Sensor Tower  
  81  9:25  Missile Turret  
  81  9:26  Planetary Fortress  
  81  9:31  Planetary Fortress  
  81  9:35  Missile Turret x2  
  81  9:37  Missile Turret  
  81  9:38  Missile Turret  
  81  9:41  Starport  
  81  9:43  Starport  
  81  9:46  Banshee  
  84  10:07  SCV, Sensor Tower  
  84  10:08  SCV  
  86  10:15  Command Center  
  86  10:19  SCV  
  86  10:20  SCV  
  88  10:23  SCV x2  
  88  10:25  Starport Reactor, Starport Tech Lab  
  90  10:31  SCV  
  90  10:32  SCV, Viking x2  
  90  10:35  SCV x2  
  98  10:43  SCV  
  98  10:44  SCV  
  97  10:59  Planetary Fortress  
  97  11:01  Refinery  
  97  11:03  Refinery  
  94  11:05  Missile Turret x2  
  94  11:06  Missile Turret  
  94  11:13  Missile Turret  
  94  11:15  Missile Turret  
  94  11:16  Viking x5  
  101  11:19  Sensor Tower  
  98  11:32  SCV x2  
  100  11:39  Missile Turret, SCV  
  101  11:40  Sensor Tower  
  101  11:44  SCV x2  
  103  11:51  SCV  
  103  11:52  Banshee x3, Starport  
  103  11:53  Viking x2  
  117  11:55  Starport  
  117  12:04  Missile Turret  
  117  12:05  Missile Turret  
  117  12:06  Missile Turret  
  117  12:10  SCV  
  117  12:12  SCV x2  
  120  12:22  SCV  
  121  12:24  SCV x2  
  121  12:26  Viking x2  
  127  12:32  Starport Tech Lab  
  127  12:33  Starport Tech Lab  
  127  12:39  Planetary Fortress  
  127  12:59  Missile Turret x2  
  127  13:02  Sensor Tower  
  127  13:04  Banshee x3  
  127  13:05  Banshee  
  142  13:07  Terran Vehicle And Ship Armor Level 3  
  142  13:11  Banshee  
  146  13:16  Terran Ship Weapons Level 3  
  146  13:19  SCV x4  
  147  13:20  SCV x2  
  148  13:31  SCV x2  
  150  13:43  SCV x2  
  152  13:50  Drilling Claws  
  152  13:55  Factory x2  
  152  14:02  Command Center  
  152  14:03  Command Center, Viking x5  
  162  14:10  Viking x2  
  166  14:20  Widow Mine  
  168  14:41  Widow Mine  
  168  14:43  Banshee x2  
  168  14:45  Viking  
  178  15:02  Banshee  
  178  15:03  Banshee  
  178  15:05  Viking  
  177  15:08  Banshee  
  167  15:16  Viking  
  165  15:26  Viking x2  
  169  15:35  Viking  
  162  15:44  Viking  
  162  15:46  Viking x2  
  155  16:01  SCV x4  
  157  16:09  Factory Reactor x2  
  157  16:10  Widow Mine  
  159  16:17  Refinery  
  159  16:19  Refinery  
  159  16:21  Command Center, Terran Vehicle Weapons Level 1  
  159  16:23  Command Center, Planetary Fortress  
  159  16:24  Planetary Fortress  
  159  16:27  Missile Turret  
  159  16:29  Missile Turret  
  159  16:31  Widow Mine  
  161  16:33  Missile Turret x2, Sensor Tower  
  161  16:36  Missile Turret  
  161  16:38  Missile Turret  
  161  16:47  Widow Mine x4  
  161  16:53  Banshee x5  
  184  17:03  Starport x2  
  184  17:10  Starport  
  184  17:42  Starport Tech Lab x2  
  184  17:47  Starport Tech Lab  
  184  17:52  Command Center  
  184  17:53  Command Center  
  184  18:14  Missile Turret  
  184  18:16  Banshee x5, Missile Turret x2  
  184  18:19  Refinery x2  
  199  18:21  Missile Turret  
  199  18:22  Missile Turret  
  199  18:23  Missile Turret  
  199  18:24  Missile Turret  
  199  18:26  Sensor Tower  
  118  18:48  Terran Vehicle Weapons Level 2  
  118  18:51  Widow Mine x5  
  128  19:03  Banshee  
  128  19:04  Banshee x7  
  128  19:05  Viking x2  
  156  19:13  Orbital Command x2  
  156  19:18  Command Center  
  156  19:20  Command Center  
  152  19:44  Orbital Command  
  152  19:47  Orbital Command, SCV x5  
  152  19:48  SCV  
  152  19:52  Viking x3  
  162  19:53  Orbital Command, Viking x7  
  177  20:11  Missile Turret  
  177  20:13  Planetary Fortress  
  177  20:14  Planetary Fortress  
  177  20:19  Missile Turret  
  177  20:21  Missile Turret  
  177  20:23  Missile Turret  
  177  20:24  Refinery  
  177  20:27  Missile Turret  
  177  20:33  SCV x3  
  177  20:34  Starport, SCV x3  
  177  20:35  Starport  
  183  20:41  Missile Turret  
  183  20:43  Missile Turret  
  183  20:48  Sensor Tower  
  171  21:27  Orbital Command  
  171  21:32  Command Center, Starport Tech Lab  
  171  21:33  Command Center, Starport Tech Lab  
  171  21:35  Banshee x6  
  171  21:36  Banshee x2  
  166  22:21  Widow Mine x5  
  166  22:22  Viking x7  
  188  22:23  Viking x4  
  188  22:24  Viking  
  159  22:57  Banshee x5  
  159  22:58  Banshee x5  
  171  23:01  Viking  
  155  23:26  Missile Turret  
  155  23:28  Missile Turret  
  155  23:40  Banshee x6  
  155  23:41  Banshee x4, Orbital Command  
  185  23:50  Orbital Command  
  185  24:02  Command Center  
  185  24:07  Command Center  
  179  24:53  Planetary Fortress  
  179  24:58  Planetary Fortress  
  151  25:11  Banshee  
  151  25:12  Banshee x8  
  124  25:29  SCV x6  
  130  25:46  SCV  
  130  25:47  SCV  
  132  25:55  Missile Turret  
  132  25:57  Missile Turret  
  132  25:58  SCV  
  132  25:59  SCV  
  132  26:01  Refinery, Viking x7  
  132  26:02  Viking x4  
  156  26:05  Orbital Command  
  156  26:13  Missile Turret  
  156  26:15  Missile Turret, Sensor Tower  
  156  26:16  Missile Turret  
  156  26:45  Widow Mine x4  
  156  26:46  Widow Mine  
  166  27:07  Banshee x5  
  166  27:08  Banshee x5  
  196  27:19  Orbital Command  
  141  27:50  Banshee x5  
  106  28:38  Viking  
  106  28:39  Viking x5  
  112  29:04  Widow Mine  
  37  30:51  Widow Mine x5  
  41  33:20  Widow Mine x4  
  41  33:21  Widow Mine  
  7  35:40  Orbital Command  
  2  35:57  Orbital Command  
  1  36:11  Orbital Command  
Show
View Real Time Build Order
Export as new Build Order

Bacon Zerg - Winner!

Build Orders: Pool First 

Get SALT Encoding   

  12  0:01  Drone  
  13  0:12  Overlord  
  13  0:16  Drone  
  14  0:30  Drone x2  
  16  0:43  Spawning Pool  
  16  0:45  Drone, Extractor  
  16  0:49  Drone  
  16  1:11  Hatchery  
  15  1:15  Drone  
  16  1:19  Drone  
  18  1:25  Drone  
  18  1:36  Zergling x2  
  18  1:39  Zergling x2  
  20  1:48  Queen  
  20  1:51  Overlord  
  22  2:10  Drone  
  22  2:13  Metabolic Boost  
  23  2:24  Drone  
  23  2:28  Queen  
  26  2:41  Drone x3  
  26  2:42  Drone  
  30  2:52  Drone x2  
  32  2:59  Overlord  
  32  3:00  Drone  
  32  3:01  Drone x3  
  36  3:11  Overlord  
  36  3:19  Drone x2  
  38  3:29  Roach Warren  
  38  3:30  Drone x2  
  39  3:36  Hatchery  
  39  3:38  Overlord x2  
  38  3:56  Lair  
  38  3:59  Extractor  
  38  4:00  Drone x2  
  38  4:01  Drone x6  
  45  4:06  Extractor  
  45  4:09  Extractor  
  43  4:17  Drone  
  43  4:18  Drone  
  45  4:32  Drone x2  
  45  4:33  Drone  
  45  4:34  Drone x2  
  50  4:47  Roach x2  
  50  4:48  Roach x2  
  58  4:57  Glial Reconstitution  
  58  5:04  Queen  
  60  5:19  Spire  
  60  5:20  Drone  
  60  5:23  Drone x4  
  60  5:24  Drone x2  
  60  5:26  Overlord x3  
  60  5:27  Overlord x2  
  66  5:31  Overseer  
  66  5:45  Roach x6  
  78  5:59  Roach  
  78  6:00  Roach x3  
  86  6:20  Roach x9  
  104  7:13  Ravager x2  
  106  7:16  Overlord x5  
  106  7:17  Overlord x2  
  106  7:24  Extractor  
  106  7:26  Extractor  
  104  7:32  Overseer  
  104  7:41  Roach x11  
  119  8:07  Ravager  
  119  8:09  Spore Crawler  
  119  8:10  Overseer  
  117  8:13  Spore Crawler  
  113  8:34  Queen  
  109  8:37  Spore Crawler, Hatchery  
  105  9:04  Drone x3  
  105  9:05  Drone x3  
  109  9:18  Drone x2  
  111  9:24  Zerg Flyer Weapons Level 1  
  111  9:27  Drone x2  
  111  9:28  Queen x2  
  117  9:51  Drone x4  
  117  9:52  Drone  
  122  9:55  Spore Crawler, Queen  
  123  10:04  Queen, Corruptor x3  
  131  10:18  Corruptor x3  
  138  10:21  Ravager x4  
  138  10:22  Ravager x2  
  138  10:23  Hatchery  
  138  10:28  Spore Crawler  
  141  10:32  Drone x2  
  141  10:33  Corruptor x4, Spore Crawler  
  126  11:03  Roach x13  
  134  11:24  Roach  
  134  11:25  Roach x3  
  122  11:28  Drone  
  122  11:29  Drone  
  124  11:35  Zerg Flyer Armor Level 1  
  124  11:43  Hydralisk Den  
  124  11:44  Spore Crawler  
  122  11:47  Drone x3  
  122  11:48  Drone x3, Spore Crawler  
  122  11:50  Extractor  
  122  11:51  Extractor  
  125  11:55  Drone x3  
  125  11:58  Overseer  
  125  12:00  Overlord  
  125  12:01  Overlord x5  
  128  12:13  Drone  
  128  12:14  Drone x2  
  128  12:15  Drone x3, Spore Crawler  
  133  12:21  Zergling x6  
  130  12:37  Corruptor x6  
  130  12:38  Corruptor x4  
  138  12:51  Drone x6  
  138  12:52  Drone  
  138  12:57  Spore Crawler  
  144  13:05  Grooved Spines  
  144  13:10  Evolution Chamber  
  144  13:12  Evolution Chamber  
  142  13:17  Drone x12  
  154  13:20  Spore Crawler  
  154  13:22  Spore Crawler  
  154  13:23  Drone x2  
  154  13:33  Drone x2  
  156  13:35  Hatchery  
  155  13:43  Zerg Ground Armor Level 1, Zerg Missile Weapons Level 1  
  155  13:53  Infestation Pit  
  154  13:56  Spore Crawler  
  154  13:57  Drone x2  
  154  13:58  Spore Crawler  
  154  14:02  Drone  
  155  14:16  Muscular Augments  
  155  14:23  Spore Crawler  
  154  14:45  Spore Crawler  
  151  14:51  Hydralisk x12  
  151  14:52  Hydralisk x5  
  183  14:57  Spore Crawler  
  165  15:20  Overseer x3  
  128  16:02  Hatchery  
  127  16:12  Hatchery  
  127  16:13  Hatchery  
  125  16:23  Hydralisk x8  
  125  16:24  Hydralisk  
  143  16:31  Overseer x3  
  143  16:32  Pneumatized Carapace  
  143  16:45  Zerg Ground Armor Level 2, Zerg Missile Weapons Level 2  
  143  16:55  Extractor  
  143  16:56  Extractor  
  143  16:57  Spore Crawler x2  
  143  16:59  Spore Crawler  
  143  17:00  Drone x3  
  143  17:01  Drone x7  
  145  17:02  Drone x2  
  150  17:33  Overseer x2  
  150  17:35  Hydralisk  
  150  17:36  Hydralisk x14  
  180  17:42  Hive  
  180  17:54  Spore Crawler  
  179  18:03  Spore Crawler  
  179  18:04  Spore Crawler  
  144  18:38  Overlord x8  
  144  18:39  Overlord  
  126  19:05  Overlord x2  
  126  19:06  Overlord x4  
  126  19:08  Overseer x3  
  126  19:09  Overseer x3  
  126  19:26  Ravager x3  
  126  19:36  Hydralisk x7  
  126  19:37  Hydralisk x16  
  172  19:50  Spore Crawler  
  172  19:51  Spore Crawler x2  
  166  20:14  Infestor x7  
  166  20:18  Pathogen Glands  
  180  20:25  Zerg Ground Armor Level 3, Zerg Missile Weapons Level 3  
  180  20:33  Drone x3, Extractor  
  180  20:34  Drone x6  
  180  20:35  Extractor  
  187  20:42  Drone x3, Spore Crawler  
  189  20:43  Drone  
  189  20:44  Spore Crawler  
  189  20:50  Drone x2  
  189  20:51  Drone x2  
  193  21:01  Burrow  
  189  21:26  Overlord x12  
  189  21:28  Overseer x4  
  189  21:29  Overseer x2  
  187  21:51  Spore Crawler, Hydralisk x3  
  187  21:52  Hydralisk x5  
  198  22:12  Hatchery  
  197  22:22  Spore Crawler  
  196  22:23  Spore Crawler  
  196  22:26  Spore Crawler  
  192  22:33  Spore Crawler  
  192  22:36  Spore Crawler x2  
  140  22:53  Hydralisk  
  140  22:54  Hydralisk x8  
  140  22:57  Overseer  
  128  23:21  Hydralisk x6  
  140  23:28  Hydralisk x3  
  146  23:35  Drone x2  
  148  23:54  Infestor x7  
  136  24:35  Drone  
  136  24:36  Drone x2  
  139  24:45  Drone x2  
  139  24:46  Drone x7  
  139  24:51  Hatchery  
  85  25:21  Hydralisk  
  85  25:22  Hydralisk x11  
  109  25:42  Overseer x2  
  109  25:43  Overseer x2  
  109  25:57  Extractor, Hydralisk  
  108  25:58  Hydralisk x11  
  132  26:09  Queen  
  134  26:12  Drone x3, Extractor  
  136  26:20  Extractor  
  136  26:21  Spore Crawler  
  136  26:22  Spore Crawler x2  
  136  26:24  Spore Crawler  
  131  26:25  Infestor x2  
  131  26:26  Infestor x2, Spore Crawler  
  131  26:29  Hydralisk x7  
  152  26:54  Drone  
  152  26:55  Drone x2, Spore Crawler  
  154  27:11  Infestor x2  
  154  27:12  Infestor x3  
  154  27:24  Hydralisk x8  
  154  27:25  Hydralisk x13  
  150  28:30  Overseer  
  138  28:47  Infestor x4  
  146  29:14  Hydralisk  
  146  29:15  Spore Crawler, Hydralisk x17  
  181  29:24  Overseer  
  181  29:27  Overseer x3  
  181  30:23  Spore Crawler  
  181  30:24  Spore Crawler  
  152  30:46  Hatchery  
  151  31:09  Hydralisk x3  
  151  31:10  Hydralisk x4  
  165  31:15  Overlord x6  
  165  31:16  Overlord  
  165  31:17  Overseer x4  
  157  33:10  Hydralisk x6  
  157  33:11  Hydralisk x12  
  171  34:03  Overseer x2  
  171  34:04  Overseer  
  155  35:22  Drone x9  
  164  36:02  Corruptor x4  
  164  36:03  Corruptor x11  
  194  36:52  Extractor  
  194  36:53  Extractor  
  192  37:05  Extractor  
Tags
 
Add a new tag
Caveats
  • Supply blocks, unpowered buildings, or Contaminate may cause inaccurate times.
  • Supply counts are checked every 10 seconds.